 Dungeon Crawl Stone Soup version 0.27-a0-1456-gf5a116941d (webtiles) character file.

Game seed: 4809980103367010567

13 Froggeryz the Cutter (level 2, -1/16 HPs)
             Began as a Vine Stalker Berserker on July 6, 2021.
             Was a Follower of Trog.
             Slain by a quokka (3 damage)
             ... on level 2 of the Dungeon.
             The game lasted 00:00:42 (977 turns).

Froggeryz the Cutter (Vine Stalker Berserker)        Turns: 977, Time: 00:00:42

Health: -1/16      AC:  2    Str: 19    XL:     2   Next: 37%
Magic:  0/3        EV: 12    Int:  7    God:    Trog [*.....]
Gold:   15         SH:  0    Dex: 13    Spells: 1/1 levels left

rFire    . . .     SeeInvis .   a - +0 short sword
rCold    . . .     Faith    .   (no shield)
rNeg     . . .     Spirit   +   b - +0 animal skin
rPois    .         Reflect  .   (no helmet)
rElec    .         Harm     .   (no cloak)
rCorr    .         Rampage  .   (no gloves)
Will     .....                  (no boots)
Stlth    ++........             (no amulet)
HPRegen  0.05/turn              (no ring)
MPRegen  0.08/turn              (no ring)

@: no status effects
A: fangs 2, magic shield, antimagic bite, no potion heal 2
a: Renounce Religion, Berserk


You were on level 2 of the Dungeon.
You worshipped Trog.
Trog was aware of your devotion.
You visited 1 branch of the dungeon, and saw 2 of its levels.

You collected 15 gold pieces.

Inventory:

Hand Weapons
 a - a +0 short sword (weapon)
Armour
 b - a +0 animal skin (worn)
Jewellery
 e - an amulet of reflection
Scrolls
 c - a scroll of acquirement {unknown}
Potions
 d - 2 potions of might {unknown}


   Skills:
 - Level 2.6 Fighting
 * Level 3.1 Short Blades
 - Level 1.5 Armour
 - Level 1.5 Dodging
 + Level 1.3 Stealth


You had one spell level left.
You didn't know any spells.
Your spell library was empty.

Dungeon Overview and Level Annotations

Branches:
Dungeon (2/15)

Altars:


Innate Abilities, Weirdness & Mutations

You have extremely sharp teeth.
When hurt, damage is shared between your health and your magic reserves.
Your bite disrupts and absorbs the magic of your enemies.
Potions cannot restore your health.


Message History

A quokka comes into view.
Found 12 stones.
A kobold comes into view. It is wielding a +0 dagger.
The worm bites you.
The kobold shouts!
You hit the worm. You bite the worm, but do no damage.
The worm is moderately wounded.
The kobold throws a stone.
The stone closely misses you. The worm bites you.
You hit the worm but do no damage. You bite the worm. You drain its power.
You feel invigorated.
The worm is moderately wounded.
The kobold throws a stone.
The stone barely misses you.
You hit the worm.
The worm is severely wounded.
The quokka closely misses you. The worm barely misses you.
You hit the worm but do no damage. You bite the worm, but do no damage.
The worm is severely wounded.
The quokka misses you.
You hit the worm but do no damage. You bite the worm. You drain its power.
The worm is almost dead.
The quokka closely misses you. The worm bites you!
Ouch! That really hurt!
* * * LOW HITPOINT WARNING * * *
You are too injured to fight recklessly!
You are too injured to fight recklessly!
You are too injured to fight recklessly!
You are too injured to fight recklessly!
You are too injured to fight recklessly!
You are too injured to fight recklessly!
You are too injured to fight recklessly!
You are too injured to fight recklessly!
You are too injured to fight recklessly!
You are too injured to fight recklessly!
You are too injured to fight recklessly!
You are too injured to fight recklessly!
The quokka misses you.
The kobold throws a stone.
The stone hits you but does no damage. The quokka bites you.
The quokka bites you.
You die...

###### #### #####....#
#.. .# #........# #.#
#..#
#.###.#..######.##......
##.#†......@....#.......
#
#..#.#######r####...#...
#.##.##.# #.####......
#.......#
#####†......#.###
####.####
#.....K.##......#
#.......#
#.......##......# #
#.##.##.#
#.......##..w.#.#.(.
#.#...#.#
#.......w..##.......
#.......#
#.......##......#


You could see a worm, a quokka and a kobold.

Vanquished Creatures
  An endoplasm (D:1)
  A giant cockroach (D:1)
  3 goblins (D:1)
  A hobgoblin (D:2)
  A quokka (D:1)
  2 ball pythons
  2 frilled lizards
  2 rats
13 creatures vanquished.

Notes
Turn   | Place    | Note
-------+----------+-------------------------------------------
     0 | D:1      | Froggeryz the Vine Stalker Berserker began the quest for
                  | the Orb.
     0 | D:1      | Reached XP level 1. HP: 11/11 MP: 2/2
   449 | D:1      | Found a faded altar of an unknown god.
   484 | D:1      | Reached skill level 3 in Short Blades
   484 | D:1      | Reached skill level 1 in Stealth
   484 | D:1      | Reached XP level 2. HP: 13/16 MP: 3/3
   977 | D:2      | Slain by a quokka

Illustrated notes

Levels and vault maps discovered:
D:1:      lightli_arrival_boilingwater, layout_basic,
          shapermc_ecumenical_altar_totnotflames, bh_walls_and_bars
D:2:      layout_loops_cross

Skill      XL: |  1 |
---------------+----+-----
Short Blades   | 3 |  3.1
Stealth        | 1 |  1.3
Fighting       | |  2.6
Armour         | |  1.5
Dodging        | |  1.5

Action                   || total
-------------------------++-------
Melee: Short sword       ||    35
       Bite              ||    10
 Stab: Sleeping          ||     1
Armor: Animal skin       ||     4
Dodge: Dodged            ||    19

Table legend: (Time is in decaauts)
 A = Elapsed time spent in this place.
 B = Non-inter-level travel time spent in this place.
 C = Inter-level travel time spent in this place.
 D = Time resting spent in this place.
 E = Time spent auto-exploring this place.
 F = Levels seen in this place.
 G = Mean time per level.
                   A        B        C        D        E       F      G
               +--------+--------+--------+--------+--------+-----+--------+
         Total |    981 |    937 |     44 |      0 |    842 |   2 |  490.5 |
       Dungeon |    981 |    937 |     44 |      0 |    842 |   2 |  490.5 |
               +--------+--------+--------+--------+--------+-----+--------+

Top non-repeatable levels by time:
     D:1: 873 daAuts
     D:2: 107 daAuts
